Map: Acropolis LE

Players

TaylorQuick

  • Race: Terran Terran
  • League: Diamond
  • Spawn Location: 11:00

Mez - Winner!

  • Race: Terran Terran
  • League: Master
  • Spawn Location: 5:00

VOD

Have the link to the VOD?

Description

Time

  • Played on: Aug. 1, 2019, 5:37 a.m.
  • Length: 5:20
Show
View Real Time Build Order
Export as new Build Order

TaylorQuick Terran 

Build Orders: Reaper Expand 

Get SALT Encoding   

  12  0:01  SCV  
  13  0:13  SCV  
  14  0:17  Supply Depot  
  14  0:25  SCV  
  15  0:39  SCV  
  15  0:40  Barracks  
  16  0:47  Refinery  
  16  0:51  SCV  
  17  1:03  SCV  
  18  1:15  SCV  
  19  1:27  Orbital Command  
  19  1:31  Reaper  
  20  1:43  Command Center  
  20  1:54  SCV  
  21  2:00  Refinery, Supply Depot  
  21  2:04  Reaper  
  21  2:06  SCV  
  23  2:18  Bunker  
  23  2:22  SCV  
  24  2:31  Factory  
  24  2:34  SCV  
  25  2:44  Barracks Tech Lab  
  25  2:49  SCV  
  26  2:54  Supply Depot  
  26  3:01  SCV  
  26  3:03  Orbital Command  
  27  3:26  SCV  
  26  3:31  Cyclone  
  26  3:32  Starport, Barracks Tech Lab  
  29  3:37  Command Center  
  29  3:38  SCV  
  29  3:39  SCV  
  31  3:50  SCV  
  31  3:51  SCV  
  33  4:02  SCV  
  34  4:03  Cyclone  
  34  4:04  SCV  
  38  4:14  SCV  
  38  4:16  SCV  
  40  4:22  Raven  
  40  4:23  Barracks Reactor  
  42  4:26  SCV  
  42  4:28  SCV  
  43  4:42  Refinery  
  28  5:08  SCV x2  
Show
View Real Time Build Order
Export as new Build Order

Mez Terran - Winner!

Build Orders:  

Get SALT Encoding   

  12  0:00  SCV  
  13  0:13  SCV  
  14  0:19  Supply Depot  
  14  0:25  SCV  
  15  0:31  Refinery  
  15  0:41  SCV  
  16  0:45  Barracks  
  16  0:53  SCV  
  17  1:05  SCV  
  18  1:20  SCV  
  19  1:34  Barracks Reactor, Orbital Command  
  19  1:44  Command Center  
  19  1:55  Factory  
  19  2:01  SCV  
  20  2:06  Supply Depot  
  20  2:13  SCV  
  20  2:14  Marine x2  
  23  2:19  Refinery  
  23  2:28  SCV  
  23  2:51  SCV  
  23  2:52  Starport  
  23  2:54  Hellion x2, Barracks Tech Lab  
  28  3:03  SCV, Orbital Command  
  27  3:15  SCV  
  28  3:24  Hellion x2  
  28  3:25  Concussive Shells  
  32  3:28  SCV  
  32  3:31  Medivac  
  35  3:37  Marauder  
  37  3:41  SCV  
  38  3:50  SCV  
  38  3:53  SCV  
  38  3:54  Hellion  
  42  4:01  Viking, Marauder  
  46  4:29  Factory Tech Lab  
  46  4:39  SCV x2  
  46  4:59  SCV x2  
  43  5:19  Barracks  
  43  5:20  Command Center  
Tags
 
Add a new tag
Caveats
  • Supply blocks, unpowered buildings, or Contaminate may cause inaccurate times.
  • Supply counts are checked every 10 seconds.